 Dungeon Crawl Stone Soup version 0.19.5 (webtiles) character file.

60 JeffiDaFish the Grave Robber (level 3, -2/19 HPs)
             Began as a Deep Elf Necromancer on Mar 7, 2017.
             Slain by a gnoll
             ... wielding a +0 spear
              (10 damage)
             ... on level 3 of the Dungeon.
             The game lasted 00:10:05 (1894 turns).

JeffiDaFish the Grave Robber (Deep Elf Necromancer) Turns: 1894, Time: 00:10:05

Health: -2/19      AC:  5    Str:  5    XL:     3   Next: 82%
Magic:  5/10       EV: 12    Int: 19    God:
Gold:   104        SH:  0    Dex: 16    Spells: 2 memorised, 8 levels left

rFire  . . .     SeeInvis .     g - +5 short sword
rCold  . . .     Gourm    .     h - +0 leather armour
rNeg   . . .     Faith    .     (no shield)
rPois  .         Spirit   .     j - +1 helmet
rElec  .         Reflect  .     (no cloak)
rCorr  .         Harm     .     (no gloves)
MR     .....                    (no boots)
Stlth  ++........               (no amulet)
                                (no ring)
                                (no ring)

@: no status effects
A: no striking features
a: no special abilities


You were on level 3 of the Dungeon.
You were not hungry.

You visited 1 branch of the dungeon, and saw 3 of its levels.

You collected 104 gold pieces.

Inventory:

Hand Weapons
 g - a +5 short sword (weapon)
Armour
 h - a +0 leather armour (worn)
 j - a +1 helmet (worn)
Scrolls
 a - a scroll of remove curse
 e - 3 scrolls of identify
Potions
 d - a potion of invisibility
 i - 2 potions of agility
Books
 b - a book of Necromancy

   Spells                             Type                      Level
   a - Pain                           Necromancy                   1
   b - Animate Skeleton               Necromancy                   1
   c - Vampiric Draining              Necromancy                   3
   d - Regeneration                   Charms/Necromancy            3
   e - Animate Dead                   Necromancy                   4
   f - Control Undead                 Necromancy                   4
Comestibles
 c - 3 bread rations
 f - 3 beef jerkies
 k - a slice of pizza
 l - 6 chunks of flesh


   Skills:
 + Level 0.2 Armour
 * Level 2.9 Dodging
 * Level 2.8 Stealth
 * Level 4.1 Spellcasting
 * Level 5.5 Necromancy


You had 8 spell levels left.
You knew the following spells:

 Your Spells              Type           Power        Failure   Level  Hunger
a - Pain                  Necr           ###.         2%          1    None
b - Animate Skeleton      Necr           N/A          2%          1    None


Dungeon Overview and Level Annotations

Branches:
Dungeon (3/15)

Altars:
Qazlal
Xom


Message History

Casting: Pain
Confirm with . or Enter, or press ? or * to list all spells.
You attempt to give life to the dead...
Before your eyes, flesh is ripped from the corpse!
The dead are walking!
l - 6 chunks of flesh (gained 3)
A gnoll comes into view. It is wielding a spear.
There is a stone staircase leading down here.
You swap places.
Found a runed hand axe.
An orc comes into view.
It is wielding a short sword of electrocution.
An orc wizard comes into view. It is wielding a dagger.
The orc shouts!
The gnoll hits you with a spear.
An orc priest comes into view. It is wielding a mace.
You see here an agate ring.
You swap places.
Your adder skeleton bites the gnoll.
The gnoll hits you from afar with a spear!
Ouch! That really hurt!
You die...

# #........#
..#.##..#).....
#...#...#......
##.............
.............#..
.............###
#.#.g...≈.(..^###
#..##..Z(# #...^^#^..
......Z@Z###≈.≈≈#..#
...#..#.Z##^..^#^≈§##
. #o##>.≈§§..^^^.≈..


.oo #......§......# ... #....≈≈.≈....# ........≈###.§^##.≈# ....###.^.#^..§^## #
....^#.(.≈#≈#≈# ###.#^^..§§^^.# You could see an orc priest, a gnoll, an orc, a
friendly adder skeleton, a friendly quokka skeleton, a friendly gnoll skeleton
and a friendly kobold skeleton.

Vanquished Creatures
  A gnoll (D:3)
  An adder (D:3)
  A worm (D:2)
  2 dart slugs
  A leopard gecko (D:1)
  6 bats
  A giant cockroach (D:1)
  4 hobgoblins
  8 kobolds
  A quokka (D:3)
  A frilled lizard (D:1)
  3 goblins
  4 rats
34 creatures vanquished.

Vanquished Creatures (collateral kills)
  A giant cockroach (D:1)
  A kobold (D:1)
  A rat (D:1)
3 creatures vanquished.

Grand Total: 37 creatures vanquished

Notes
Turn   | Place    | Note
-------+----------+-------------------------------------------
     0 | D:1      | JeffiDaFish the Deep Elf Necromancer began the quest for the Orb.
     0 | D:1      | Reached XP level 1. HP: 10/10 MP: 6/6
    22 | D:1      | Learned a level 1 spell: Animate Skeleton
   135 | D:1      | Reached skill level 5 in Necromancy
   349 | D:1      | Reached XP level 2. HP: 15/15 MP: 6/8
  1312 | D:2      | Found a shimmering altar of Xom.
  1314 | D:2      | Reached XP level 3. HP: 17/19 MP: 7/9
  1872 | D:3      | Found a stormy altar of Qazlal.
  1894 | D:3      | Slain by a gnoll

Skill      XL: |  1  2  3 |
---------------+----------+-----
Necromancy     | 5 |  5.5
Spellcasting   | 4 |  4.1
Armour         | |  0.2
Dodging        | |  2.9
Stealth        | |  2.8

Action                   || total
-------------------------++-------
Melee: Unarmed           ||     2
       Dagger            ||    25
       Short sword       ||    17
 Cast: Pain              ||    39
       Animate Skeleton  ||    13
  Use: Scroll            ||     8
       Potion            ||     3
 Stab: Sleeping          ||     4
       Distracted        ||     1
  Eat: Chunk             ||     3
Armor: Leather armour    ||    15
Dodge: Dodged            ||    38
